 Dungeon Crawl Stone Soup version 0.18-a0-1084-g259f6cf (webtiles) character file.

172 Reinor the Chopper (level 5, 0/41 HPs)
             Began as a Formicid Fighter on Jan 15, 2016.
             Slain by an iron imp (5 damage)
             ... summoned by Natasha
             ... on level 3 of the Dungeon.
             The game lasted 00:06:33 (2421 turns).

Reinor the Chopper (Formicid Fighter)               Turns: 2421, Time: 00:06:33

Health: 0/41       AC:  6    Str: 20    XL:     5   Next: 82%
Magic:  5/5        EV:  7    Int:  8    God:
Gold:   102        SH:  9    Dex: 11    Spells: 0 memorised, 4 levels left

rFire  . . .     SeeInvis +     a - +0 war axe
rCold  . . .     Gourm    .     b - +0 scale mail
rNeg   . . .     Faith    .     c - +0 shield
rPois  +         Spirit   .     (helmet unavailable)
rElec  .         Dismiss  .     (no cloak)
rCorr  .         Reflect  .     (no gloves)
SustAt .         Harm     .     (no boots)
MR     +....                    (no amulet)
Stlth  ..........               r - ring of protection from magic
                                h - ring of poison resistance

@: somewhat resistant to hostile enchantments, extremely unstealthy
A: permanent stasis, dig shafts and tunnels, four strong arms, antennae 3
a: Dig, Shaft Self


You were on level 3 of the Dungeon.
You were not hungry.

You visited 1 branch of the dungeon, and saw 3 of its levels.

You collected 102 gold pieces.

Inventory:

Hand Weapons
 a - a +0 war axe (weapon)
Missiles
 e - 127 stones (quivered)
 p - 16 poisoned needles
Armour
 b - a +0 scale mail (worn)
 c - a +0 shield (worn)
Jewellery
 h - a ring of poison resistance (left hand)
 r - a ring of protection from magic (right hand)
Wands
 o - a wand of confusion (0/48)
Scrolls
 g - 3 scrolls of teleportation {unknown}
 i - 7 scrolls of identify {unknown}
Potions
 d - a potion of might
 k - 2 potions of lignification {unknown}
 l - 2 potions of curing {unknown}
 n - a potion of cure mutation {unknown}
Comestibles
 f - 2 bread rations
 j - a royal jelly
 m - 2 beef jerkies
 q - 2 meat rations


   Skills:
 - Level 3.2 Fighting
 + Level 5.5 Axes
 - Level 3.2 Armour
 - Level 3.6 Shields


You had 4 spell levels left.
You didn't know any spells.

Dungeon Overview and Level Annotations

Branches:
Dungeon (3/15)

Altars:

Annotations:
D:3 Natasha


Innate Abilities, Weirdness & Mutations

You are under a permanent stasis effect.
You can dig through walls and to a lower floor.
Your four strong arms can wield two-handed weapons with a shield.
You have a pair of large antennae on your head (SInv).


Message History

You barely miss the kobold.
Your shield and scale mail prevent you from hitting the iron imp.
The iron imp is heavily wounded.
Natasha claws you. The kobold hits you with a short sword.
* * * LOW HITPOINT WARNING * * *
The iron imp hits you.
* * * LOW HITPOINT WARNING * * *
You block Natasha's attack. You block the kobold's attack.
Drink which item? (? for menu, Esc to quit)
Okay, then.
You miss Natasha.
Natasha is heavily wounded.
You closely miss the kobold. You slash the rat!
You kill the rat!
You completely miss the iron imp.
The iron imp is heavily wounded.
Natasha stares at you and mumbles some strange words.
You resist with almost no effort. The kobold barely misses you.
The iron imp hits you.
You die...

#....> {
#..... ..
.... ... ...
.... #.#
#....
#.#####.....
#...........
#...†K......
#...@h......
#....5......
#......#....
#.##....#...
#.###.#.# #
#.# ...# #.#
#... #.#
##.. #.# ..


You could see an iron imp, Natasha and a kobold.

Vanquished Creatures
  Ijyb (D:2)
  Natasha (D:3)
  Robin (D:2)
  3 adders (D:2)
  2 oozes (D:1)
  4 worms (D:2)
  A giant gecko (D:1)
  An orc (D:3)
  2 bats
  A giant cockroach (D:1)
  15 goblins
  8 hobgoblins
  3 jackals (D:2)
  10 kobolds
  A quokka (D:2)
  6 rats
60 creatures vanquished.

Notes
Turn   | Place    | Note
--------------------------------------------------------------
     0 | D:1      | Reinor the Formicid Fighter began the quest for the Orb.
     0 | D:1      | Reached XP level 1. HP: 18/18 MP: 1/1
   197 | D:1      | Reached XP level 2. HP: 24/24 MP: 2/2
   331 | D:1      | Reached XP level 3. HP: 29/29 MP: 3/3
  1074 | D:2      | Reached skill level 4 in Axes
  1074 | D:2      | Reached XP level 4. HP: 30/35 MP: 4/4
  1090 | D:2      | Noticed Ijyb
  1157 | D:2      | Killed Ijyb
  1235 | D:2      | Found a faded altar to an unknown god.
  1493 | D:2      | Reached XP level 5. HP: 41/41 MP: 5/5
  1603 | D:2      | Noticed Robin
  1623 | D:2      | Killed Robin
  1623 | D:2      | Reached skill level 5 in Axes
  2369 | D:3      | Noticed Natasha
  2377 | D:3      | Killed Natasha
  2409 | D:3      | Noticed Natasha
  2421 | D:3      | Slain by an iron imp

Vault maps used:
D:1:      tarquinn_simple_flora_water_f, corexii_corridor_pit
D:2:      first_bread, ecumenical_altar_1, serial_bayou_lake_a, uniq_robin,
          uniq_iyjb
D:3:      minmay_shallow_snake_nest, uniq_natasha, uniq_grinder

Action                   |  1- 3 |  4- 6 || total
-------------------------+-------+-------++-------
Melee: War axe           |    83 |   143 ||   226
Throw: Stone             |     2 |     1 ||     3
  Eat: Chunk             |     1 |     4 ||     5
